 Dungeon Sprint DCSS version 0.16-a0-3684-g951c262 (webtiles) character file.

33 BluebellGnoll the Bludgeoner (level 8, -5/126 HPs)
             Began as an Ogre Hunter on Jan 18, 2015.
             Was a Priest of Trog.
             Slain by a deep elf priest
             ... wielding a +0 scimitar
              (7 damage)
             ... in the Dungeon (Sprint VI: "Thunderdome").
             The game lasted 00:05:55 (411 turns).

BluebellGnoll the Bludgeoner (Ogre Hunter)           Turns: 411, Time: 00:05:55

Health: -5/126     AC:  5    Str: 26    XL:     8   Next: 34%
Magic:  17/17      EV: 10    Int: 10    God:    Trog [***...]
Gold:   58         SH:  0    Dex: 15    Spells: 0 memorised, 7 levels left

rFire  + . .     SeeInvis +     p - +0 giant spiked club
rCold  + . .     Clarity  .     s - +2 robe {MR+}
rNeg   . . .     SustAb   +     (shield restricted)
rPois  +         Gourm    .     (helmet restricted)
rElec  .         Spirit   .     (no cloak)
rCorr  +         Warding  .     (gloves unavailable)
rMut   .         NoTele   +     (boots unavailable)
MR     +++..                    q - amulet "Haoskagayz" {rCorr Str+2}
Stlth  ..........               r - ring of Neniwuw {rPois+ rF+ Str+1 SInv}
                                a - ring "Kloze" {SustAb +Rage rC+ MP+9 Dex+3}

@: berserking, regenerating, very quick, extremely resistant to hostile
enchantments, extremely unstealthy
A: unfitting armour, tough skin 1
a: Burn Spellbooks, Berserk, Trog's Hand, Renounce Religion, Evoke Berserk Rage


You were in the Dungeon.
You worshipped Trog.
Trog was most pleased with you.
You were not hungry.

You visited 1 branch You collected 250 gold pieces.
You spent 192 gold pieces at shops.

Inventory:

Hand weapons
 p - a +0 giant spiked club (weapon)
Missiles
 b - 5 large rocks (quivered)
 c - 2 throwing nets
Armour
 d - a +0 animal skin
 s - a +2 robe of magic resistance (worn)
Jewellery
 a - the ring "Kloze" (left hand) {SustAb +Rage rC+ MP+9 Dex+3}
   (You bought it in a shop in the Dungeon)

   [ring of sustain abilities]

   It sustains your strength, intelligence and dexterity.
   It affects your dexterity (+3).
   It protects you from cold.
   It affects your magic capacity (+9).
   It lets you go berserk.
 q - the amulet "Haoskagayz" (around neck) {rCorr Str+2}
   (You bought it in a shop in the Dungeon)

   [amulet of resist corrosion]

   It protects you from acid and corrosion.
   It affects your strength (+2).
 r - the ring of Neniwuw (right hand) {rPois+ rF+ Str+1 SInv}
   (You bought it in a shop in the Dungeon)

   [ring of strength]

   It affects your strength (+1).
   It protects you from fire.
   It protects you from poison.
   It enhances your eyesight.
Magical devices
 l - a wand of cold (5)
 m - a wand of fire (4)
Scrolls
 k - 4 scrolls of blinking
 n - 3 scrolls of fog
Potions
 e - a potion of curing
 g - 4 potions of heal wounds
 h - 4 potions of haste
 i - 2 potions of magic
 j - a potion of berserk rage
 o - a potion of resistance
Comestibles
 f - a meat ration


   Skills:
 - Level 6.5 Fighting
 + Level 20.1 Maces & Flails
 - Level 4.3 Throwing
 - Level 1.7 Dodging
 - Level 0.7 Stealth


You had 7 spell levels left.
You didn't know any spells.

Dungeon Overview and Level Annotations

Branches:
Dungeon (1/1)

Altars:
Cheibriados
Dithmenos
Elyvilon
Fedhas
Gozag
Kikubaaqudgha
Makhleb
Nemelex Xobeh
Okawaru
Qazlal
Ru
Sif Muna
Trog
Vehumet
Xom
Yredelemnul
Zin
The Shining One
Jiyva
Lugonu

Shops:
D *[%??*?*:[((!!!!


Innate Abilities, Weirdness & Mutations

You are too large for most types of armour.
You have tough skin (AC +1).


Message History

The deep elf priest wields a shortbow.
The deep elf priest shoots an arrow.
The arrow hits you.
* * * LOW HITPOINT WARNING * * *
You closely miss the deep elf fighter.
The deep elf fighter is severely wounded.
You miss the deep elf fighter.
The deep elf fighter is severely wounded.
The deep elf fighter barely misses you.
A deep elf fighter comes into view. It is wielding a scimitar.
You impale the deep elf fighter!!
You kill the deep elf fighter!
Trog accepts your kill.
Trog appreciates your killing of a magic user.
Your Maces & Flails skill increases to level 20!
The deep elf priest shoots an arrow.
The arrow hits you.
* * * LOW HITPOINT WARNING * * *
The deep elf priest unwields an uncursed shortbow.
The deep elf priest wields an uncursed scimitar.
The deep elf priest hits you with an uncursed scimitar!
You die...

##⌠⌠⌠## #.....# ##.....##
##∩.....∩## #∩.......∩#
#_......._# #_......._#
#_.......(# ###.......)@###
#⌠..........e⌠#
######.8.........8.######
#∩___......###......___∩##
∩........8.# #.8....e...∩###
...........###.............##
........###...###..........⌠#
..).....# #.<.# #..........⌠#
........###...###..........P#


You could see a deep elf priest and a deep elf fighter.

Vanquished Creatures
  A deep elf conjurer (D)
  2 deep elf priests (D)
  A deep elf fighter (D)
  Sigmund (D)
  Jessica (D)
  Terence (D)
  A shadow imp (D)
  A giant gecko (D)
  A bat (D)
  2 giant cockroaches (D)
  A hobgoblin (D)
  A jackal skeleton (D)
14 creatures vanquished.

Notes
Turn   | Place    | Note
--------------------------------------------------------------
     0 | D        | BluebellGnoll, the Ogre Hunter, began the quest for the Orb.
     0 | D        | Reached XP level 1. HP: 22/22 MP: 1/1
     1 | D        | Found a white marble altar of Elyvilon.
     2 | D        | Found a glowing silver altar of Zin.
     3 | D        | Found an iron altar of Okawaru.
     3 | D        | Found a basalt altar of Yredelemnul.
     4 | D        | Found Naemn's Do-It-Yourself Clinic.
     4 | D        | Found a shadowy altar of Dithmenos.
     4 | D        | Found Emae's Weapon Rack.
     4 | D        | Found Pale's Basic Armour.
     5 | D        | Found a blossoming altar of Fedhas.
     5 | D        | Round 1.
     6 | D        | Found a glowing golden altar of the Shining One.
     7 | D        | Noticed Terence
     8 | D        | Found Cunlaid's Miscellaneous Merchandise.
    10 | D        | Found Eluesa Psurch's Premium Goods.
    12 | D        | Bought a +0 giant spiked club for 57 gold pieces
    15 | D        | Killed Terence
    15 | D        | Reached skill level 6 in Fighting
    15 | D        | Reached XP level 2. HP: 22/37 MP: 2/2
    21 | D        | Found a deep blue altar of Sif Muna.
    22 | D        | Found a shimmering altar of Xom.
    23 | D        | Found Sailunio's Identification Station.
    24 | D        | Found Cujusem's Advanced Armour.
    24 | D        | Found a sparkling altar of Nemelex Xobeh.
    25 | D        | Found a corrupted altar of Lugonu.
    25 | D        | Found a viscous altar of Jiyva.
    25 | D        | Noticed Jessica
    26 | D        | Found Amohum Tong's Jewellery.
    26 | D        | Found Usourr's Bee Food.
    30 | D        | Killed Jessica
    30 | D        | Reached XP level 3. HP: 29/45 MP: 3/3
    35 | D        | Found a burning altar of Makhleb.
    36 | D        | Found a stormy altar of Qazlal.
    36 | D        | Found a radiant altar of Vehumet.
    37 | D        | Found Notam's Magic Scroll Shop.
    38 | D        | Found Evam Axu's Magic Scroll Shop.
    39 | D        | Found an opulent altar of Gozag.
    39 | D        | Found a bloodstained altar of Trog.
    40 | D        | Found Tamu's Staff Store.
    40 | D        | Found Noot's Must-Have Magic.
    42 | D        | Found an ancient bone altar of Kikubaaqudgha.
    46 | D        | Became a worshipper of Trog the Wrathful
    51 | D        | Reached skill level 5 in Maces & Flails
    53 | D        | Found a sacrificial altar of Ru.
    54 | D        | Found a snail-covered altar of Cheibriados.
    54 | D        | Found Kluicug's Distillery.
    55 | D        | Found Grasehaq's Distillery.
    57 | D        | Found Twaimah's Bottled Wisdom.
    78 | D        | Acquired Trog's first power
   112 | D        | Arena points: 5 (+5) [x1]
   127 | D        | Round 2.
   139 | D        | Acquired Trog's second power
   143 | D        | Bought a pitted iron ring for 45 gold pieces
   143 | D        | Bought a clouded ruby amulet for 45 gold pieces
   143 | D        | Bought a smoking silver ring for 45 gold pieces
   143 | D        | Identified the ring "Kloze" {SustAb +Rage rC+ MP+9 Dex+3} (You bought it in a shop in the Dungeon)
   144 | D        | Identified the amulet "Haoskagayz" {rCorr Str+2} (You bought it in a shop in the Dungeon)
   145 | D        | Identified the ring of Neniwuw {rPois+ rF+ Str+1 SInv} (You bought it in a shop in the Dungeon)
   220 | D        | Noticed Sigmund
   232 | D        | HP: 2/45 [Sigmund/scythe (9)]
   233 | D        | Killed Sigmund
   233 | D        | Arena points: 33 (+28) [x2]
   233 | D        | Reached skill level 10 in Maces & Flails
   233 | D        | Reached XP level 4. HP: 2/53 MP: 4/4
   233 | D        | Reached XP level 5. HP: 2/61 MP: 5/5
   287 | D        | Round 3.
   296 | D        | Noticed a deep elf priest
   307 | D        | Killed a deep elf priest
   307 | D        | Reached skill level 15 in Maces & Flails
   307 | D        | Reached XP level 6. HP: 45/68 MP: 6/6
   385 | D        | Noticed a deep elf conjurer
   389 | D        | Noticed a deep elf fighter
   397 | D        | Noticed a deep elf priest
   399 | D        | Killed a deep elf conjurer
   399 | D        | Reached skill level 18 in Maces & Flails
   399 | D        | Reached XP level 7. HP: 46/76 MP: 7/7
   400 | D        | Noticed a deep elf priest
   406 | D        | Killed a deep elf priest
   406 | D        | Received a gift from Trog
   406 | D        | Reached skill level 19 in Maces & Flails
   406 | D        | Reached XP level 8. HP: 30/84 MP: 8/8
   407 | D        | HP: 4/126 [deep elf priest/arrow (6)]
   410 | D        | Noticed a deep elf fighter
   410 | D        | Killed a deep elf fighter
   410 | D        | Reached skill level 20 in Maces & Flails
   410 | D        | HP: 1/126 [deep elf priest/arrow (6)]
   411 | D        | Slain by a deep elf priest

Action                   |  1- 3 |  4- 6 |  7- 9 || total
-------------------------+-------+-------+-------++-------
Melee: Giant spiked club |    32 |    18 |     7 ||    57
Invok: Trog's Hand       |       |     4 |     1 ||     5
       Berserk           |       |       |     1 ||     1
Evoke: Wand              |       |       |     1 ||     1
